[Event "Fagernes Chess GM-Swiss 2024"]
[Site "Fagernes"]
[Date "2024.03.27"]
[Round "5.6"]
[White "Kulaots, Kaido"]
[Black "Elmi, Saad Abobaker"]
[Result "1-0"]
[ECO "C70"]
[WhiteElo "2534"]
[BlackElo "2344"]
[Annotator "TA"]
[PlyCount "79"]
[EventDate "2024.03.25"]
[EventType "swiss"]
[EventCountry "NOR"]
[SourceTitle "playchess.com"]
[Source "ChessBase"]
[SourceQuality "1"]
[TimeControl "40/6000+30:2400+30"]

1. e4 e5 2. Nf3 Nc6 3. Bb5 a6 4. Ba4 g6 5. c3 Bg7 6. d4 exd4 7. cxd4 b5 8. Bb3 {[%emt 0:02:48] White is slightly better.} d6 9. a3 Bg4 10. Be3 Bxf3 (10... Qd7 $11) 11. Qxf3 $14 Qf6 12. Nd2 Na5 13. Bd5 (13. Bd1 $16) 13... Qxf3 $1 $11 14. Nxf3 c6 15. Ba2 Nf6 16. e5 $36 {[%emt 0:04:38][%mdl 2048] Black is under pressure.} Nd5 17. Bd2 Nb7 18. O-O Kd7 19. Rac1 Rac8 20. Rc2 Rhe8 (20... f6 $14) 21. Rfc1 $16 a5 22. h4 h5 23. g3 Rf8 24. Kg2 Rfe8 25. Bb3 Rf8 (25... a4 $142 26. Ba2 Rg8) 26. a4 $18 {[%emt 0:01:02] Hoping for axb5.} b4 27. Bc4 Nc7 (27... Ne7 $16 {was necessary.} 28. Ba6 Rc7 29. exd6 Nxd6 30. Ne5+ Bxe5 31. dxe5 Ndf5) 28. Bd3 Nd8 (28... Nd5 $142 29. Ba6 Rc7 30. Bxb7 Rxb7) 29. exd6 Nd5 30. Rc5 $2 (30. Ne5+ $18 Bxe5 31. dxe5) 30... Nb7 $16 {[%emt 0:00:25] [#]} 31. Rxd5 cxd5 $11 32. Bb5+ Kxd6 $2 (32... Kd8 $1 $11 33. Rxc8+ (33. Bg5+ f6 $11) 33... Kxc8) 33. Bf4+ $18 {[%emt 0:00:53] A strong pair of Bishops. White is clearly winning.} Ke7 {[%emt 0:00:06] [#] Strongly threatening ...Rxc1.} 34. Re1+ Kd8 35. Ba6 Nc5 36. dxc5 ({Don't take} 36. Bxc8 Nd3 $18) 36... Rxc5 37. Bd6 Rc6 38. Bxf8 Bxf8 39. Bb5 Re6 40. Rd1 {[%emt 0:00:30] Weighted Error Value: White=0.23 (precise) /Black=0.37.  Loses game:     	---       	Black=1      Missed win:     	White=1     	---        Mistake:       	White=2     	Black=5      Inaccurate:     	White=4     	Black=3      OK:         	White=15    	Black=9      Best:        	White=5     	Black=4      Strong:       	---       	Black=1} 1-0

[Event "Fagernes Chess GM-Swiss 2024"]
[Site "Fagernes"]
[Date "2024.03.27"]
[Round "5.7"]
[White "Willow, Jonah B"]
[Black "Raja Rithvik R"]
[Result "1/2-1/2"]
[ECO "B90"]
[WhiteElo "2446"]
[BlackElo "2532"]
[Annotator "TA"]
[PlyCount "30"]
[EventDate "2024.03.25"]
[EventType "swiss"]
[EventCountry "NOR"]
[SourceTitle "playchess.com"]
[Source "ChessBase"]
[SourceQuality "1"]
[TimeControl "40/6000+30:2400+30"]

1. e4 c5 2. Nf3 d6 3. d4 cxd4 4. Nxd4 Nf6 5. Nc3 a6 6. a4 e5 7. Nf3 Be7 8. Bg5 Be6 {[%emt 0:03:04] Against Bc4} 9. Bxf6 Bxf6 10. Nd5 {[%emt 0:00:06] Dodges Qb6} Nd7 11. Bc4 O-O 12. O-O Rc8 13. Ba2 Nb6 {[%emt 0:07:29] The position is equal.} 14. c3 Nxd5 15. Bxd5 Qb6 {[%emt 0:03:11] An uneventful encounter.   Weighted Error Value: White=0.04 (flawless) /Black=0.03 (flawless) .  OK:         	White=5     	Black=3      Best:        	---       	Black=1} 1/2-1/2

[Event "Fagernes Chess GM-Swiss 2024"]
[Site "Fagernes"]
[Date "2024.03.27"]
[Round "5.8"]
[White "Pranav Anand"]
[Black "Johansson, Linus"]
[Result "1/2-1/2"]
[ECO "B31"]
[WhiteElo "2519"]
[BlackElo "2427"]
[Annotator "TA"]
[PlyCount "170"]
[EventDate "2024.03.25"]
[EventType "swiss"]
[EventCountry "NOR"]
[SourceTitle "playchess.com"]
[Source "ChessBase"]
[SourceQuality "1"]
[TimeControl "40/6000+30:2400+30"]

1. e4 c5 2. Nf3 Nc6 3. Bb5 g6 4. O-O Bg7 5. Bxc6 dxc6 6. d3 Nf6 $1 {[%emt 0:01:35] 6...Nf6 ist besser als 6...e5.} 7. Re1 Bg4 {[%emt 0:01:15] B31: Sizilianisch (Rossolimo-Variante).} 8. Nbd2 e5 9. Nc4 Bxf3 10. Qxf3 Qe7 11. a4 Nd7 12. a5 Nf8 $146 ({Predecessor:} 12... O-O 13. Qg3 Rfe8 14. Bd2 Rad8 15. Rab1 Kh8 16. b4 cxb4 17. Bxb4 c5 18. Bd2 Nb8 {½-½ Tatai,S (2385)-Machin,G Saint Vincent op 1998 (1)}) 13. Bd2 Ne6 14. Rab1 O-O 15. b4 cxb4 16. Bxb4 c5 17. Bc3 Nd4 18. Bxd4 cxd4 19. Rb5 Rac8 20. Reb1 Rc7 21. Qg3 Rd8 22. R1b2 Rdd7 23. Nxe5 Bxe5 24. Qxe5 Qxe5 25. Rxe5 Rc3 26. g4 Rdc7 27. Rd5 Rxc2 28. Rxc2 Rxc2 29. Rxd4 Rc5 30. Rd7 Rxa5 31. Rxb7 Ra1+ 32. Kg2 a5 33. Kf3 g5 34. Ra7 a4 35. e5 a3 36. Ke4 h6 37. Ra8+ Kg7 38. Kf3 a2 39. Ke2 Rg1 40. Rxa2 Rxg4 {[%emt 0:00:05] [#]} 41. Ke3 $1 Rg2 42. d4 Rxh2 43. d5 Rh1 {[%emt 0:00:00] [#]} 44. Rd2 (44. d6 $1 $18 Rd1 45. Ke4) 44... Kf8 $1 $14 45. d6 Ke8 46. Ra2 Rh4 $1 47. Ra8+ Kd7 48. Ra7+ Ke8 $1 49. Re7+ Kf8 50. e6 (50. Rc7 $5 Ke8 $8 51. Rc8+ Kd7 52. Rh8 $11) 50... fxe6 51. Rxe6 Ra4 52. d7 Ra8 53. Rxh6 (53. Ke4 $5 Rd8 $8 54. Rd6 $11 (54. Rxh6 Rxd7 55. Rg6 Rf7 $11)) 53... Ra3+ 54. Ke4 Ke7 55. Rh7+ (55. Rd6 $5 Kd8 56. Rd2 $11) 55... Kd8 56. Kf5 Ra2 57. f3 (57. Rh2 {vereinfacht} Kxd7 58. Kxg5 Ra5+ 59. Kf6) 57... Rf2 58. Kg4 Rg2+ 59. Kh3 Rg1 60. Rg7 Rh1+ (60... Re1 {vereinfacht} 61. Rxg5 Kxd7 62. Ra5 Ke6) 61. Kg4 (61. Kg2 {vereinfacht} Ra1 62. Rg8+ Kxd7 63. Rxg5 Ke7 64. Rb5) 61... Rg1+ 62. Kh5 (62. Kf5 $5 Rf1 $8 63. Kg4 $11 (63. Kxg5 Rxf3 64. Kg6 Rf1 $11) (63. Rxg5 Kxd7 64. Ke4 Ke7 $11) (63. Ke6 Re1+ 64. Kf5 Rf1 $11)) 62... Rf1 63. Kg4 (63. Rf7 $5 Rg1 $8 64. Kg6 $11) 63... Rg1+ 64. Kh3 (64. Kf5 $5 Rf1 $8 65. Kg4 $16 (65. Kxg5 Rxf3 66. Kg6 Rd3 $11) (65. Ke6 Re1+ 66. Kf5 Rf1 $11)) 64... Rh1+ 65. Kg2 Ra1 66. Rf7 (66. Rxg5 {vereinfacht} Kxd7 67. Re5 Ra8 68. Re4) 66... Rd1 67. Kg3 (67. Rf5 {vereinfacht} Kxd7 68. Rxg5 Ke7 69. Re5+) 67... Rg1+ 68. Kh3 Kc7 69. Rg7 Rh1+ 70. Kg2 Rd1 71. Rxg5 Rxd7 72. Re5 Kd6 73. Re4 Re7 74. Rf4 Ke6 75. Kg3 Ra7 76. Rf8 Ra4 77. f4 Ke7 78. Rf5 Ke6 79. Kg4 Ra1 80. Rb5 Rg1+ 81. Kh5 Kf6 82. Rg5 Rh1+ 83. Kg4 Rg1+ 84. Kf3 Rxg5 85. fxg5+ Kxg5 1/2-1/2

[Event "Fagernes Chess GM-Swiss 2024"]
[Site "Fagernes"]
[Date "2024.03.27"]
[Round "5.9"]
[White "Panda Sambit"]
[Black "Blomqvist, Erik"]
[Result "0-1"]
[ECO "D32"]
[WhiteElo "2377"]
[BlackElo "2511"]
[Annotator "TA"]
[PlyCount "102"]
[EventDate "2024.03.25"]
[EventType "swiss"]
[EventCountry "NOR"]
[SourceTitle "playchess.com"]
[Source "ChessBase"]
[SourceQuality "1"]
[TimeControl "40/6000+30:2400+30"]

1. d4 Nf6 2. c4 e6 3. Nf3 d5 4. Nc3 Bb4 5. cxd5 exd5 6. Bf4 O-O 7. e3 c5 8. Bd3 Nc6 9. O-O cxd4 10. Nxd4 h6 11. Rc1 Bd6 (11... Nxd4 $11 {hält das Gleichgewicht.} 12. exd4 a6) 12. Bxd6 $16 Qxd6 {[%emt 0:00:07] Weiß steht besser.} 13. Ncb5 Qe5 14. h3 Bd7 15. Nxc6 Bxc6 16. Nd4 Bd7 17. Qf3 Rac8 18. Qf4 Qxf4 19. exf4 Rfe8 20. g4 Kf8 21. Rxc8 Rxc8 22. Re1 Ne4 23. f5 Nc5 24. Bc2 a5 25. f3 Na6 26. a3 Rc4 27. Rd1 Ke7 28. Kf2 Kd6 29. Bb3 Rc5 30. Rd2 Nc7 31. Ne2 Ke5 32. f4+ Kf6 $1 33. Ng3 {[%emt 0:00:52] [#] Ne4+ wäre nun fies.} Ke7 34. Ke3 Bc6 35. Ne2 Nb5 36. a4 Nd6 37. Nc3 Nc4+ 38. Bxc4 Rxc4 39. Nxd5+ $11 {[%emt 0:00:50][%mdl 4096] Endspiel. KRB-KRN} Kf8 (39... Bxd5 $11 40. Rxd5 Rxa4) 40. b3 $16 Rc5 (40... Rc1 $142) 41. Nb6 Rc1 42. Kd4 Rf1 43. Nc4 Rxf4+ 44. Kc5 h5 45. Nxa5 Bh1 46. Rd4 $4 {[%emt 0:08:28][%mdl 8192] [#]} ({Viel schwächer wäre} 46. gxh5 $6 Rxf5+ 47. Kb6 Rxh5 $11) (46. Rd7 $18) 46... b6+ $1 $19 47. Kc4 (47. Kxb6 Rxd4) 47... Rxd4+ 48. Kxd4 bxa5 49. gxh5 Ke7 {[%emt 0:00:40] Schwarz setzt Matt.} 50. Kc5 Kf6 51. Kb5 Bd5 {[%emt 0:00:18] Nie zu früh aufgeben!   Gewichteter Fehlerwert: Weiß=0.49/Schwarz=0.13 (sehr präzise) .  Gewinn verpasst:   	Weiß=1     	---        Fehler:       	---       	Schwarz=3     Ungenau:       	Weiß=4     	Schwarz=2     OK:         	Weiß=15    	Schwarz=11    Bester:       	Weiß=6     	Schwarz=1     Stark:        	---       	Schwarz=1     Brilliant:      	---       	Schwarz=1} 0-1

[Event "Fagernes Chess GM-Swiss 2024"]
[Site "Fagernes"]
[Date "2024.03.27"]
[Round "5.10"]
[White "Yaniv, Yuval"]
[Black "Amar, Elham"]
[Result "0-1"]
[ECO "B13"]
[WhiteElo "2368"]
[BlackElo "2567"]
[Annotator "TA"]
[PlyCount "66"]
[EventDate "2024.03.25"]
[EventType "swiss"]
[EventCountry "NOR"]
[SourceTitle "playchess.com"]
[Source "ChessBase"]
[SourceQuality "1"]
[TimeControl "40/6000+30:2400+30"]

1. e4 c6 2. d4 d5 3. exd5 cxd5 4. Bd3 Nc6 5. c3 e6 6. Nf3 Bd6 7. O-O Nge7 8. Re1 {[%emt 0:00:43] Weiß hat minimalen Vorteil.} O-O 9. a4 Bd7 10. b4 f6 11. Ba3 Qc7 12. Nbd2 Rac8 13. Qb1 g5 ({Vorzuziehen ist} 13... Nf5 $14) 14. Bxh7+ $16 Kg7 {[%emt 0:00:10] ...g4 wäre nun fies.} 15. h3 f5 16. Nxg5 Nd8 17. b5 {[%emt 0:07:20] Zielt auf Bxd6 ab.} Rh8 18. Re3 (18. Qa2 $16) 18... Nf7 $1 $11 19. Rxe6 (19. Nxe6+ Bxe6 20. Rxe6 Rxh7 21. Bxd6 Nxd6 $15) (19. Nxf7 {wäre vielleicht verwirrender.} Kxf7 20. Bxd6 Qxd6 21. Nf3) 19... Bxa3 20. Rxa3 Nxg5 21. Rxe7+ Kf6 {[%emt 0:00:01] Manche mögen's heiß} 22. Qb4 {[%emt 0:06:34][%cal Oh7f5] Droht stark Bxf5!} (22. b6 axb6 (22... Qd6 23. Rxd7 Qxd7 24. bxa7 $15) 23. Qb4 (23. Rxd7 $2 Qxd7 24. Qxb6+ Rc6 $19) 23... Rxh7 (23... Nxh7 24. c4 $16) 24. Rxh7 Nxh7 $17) 22... Rce8 (22... Rxh7 $11 23. Rxh7 Nxh7) 23. Rxe8 $14 Rxe8 {[%emt 0:00:32] [#]} 24. Ra1 Nxh7 {[%emt 0:00:18] Aktives Gegenspiel!} (24... Kg7 $5) 25. Nf3 {[%emt 0:01:51] [#]} (25. c4 $11 {bleibt in der Remisbreite.}) 25... Ng5 $1 $36 {[%emt 0:02:22][%mdl 2048] Und ...Nxf3+ würde nun gewinnen. Schwarz hat starke Initiative.} 26. Ne5 {[%emt 0:00:17][%cal Ob5b6] b6! ist eine echte Drohung.} Be6 27. Re1 {[%emt 0:06:00] [#]} (27. f3 $15) 27... Rg8 $1 $19 28. Kf1 Ne4 {[%emt 0:00:33][%cal Oc7g7] Droht ...Qg7! und aus.} 29. g4 $2 (29. f3 Qxc3 (29... Nxc3 30. Rc1 $14) 30. Qxc3 Nxc3 31. Kf2) 29... fxg4 30. hxg4 Qxc3 (30... Bxg4 31. Nxg4+ Rxg4 32. Qf8+ Qf7 33. Qxf7+ Kxf7 34. f3 $19) (30... Qh7 $142 {( -> ...Qh3+)} 31. Re3 Bxg4 32. Nxg4+ Rxg4 33. Qf8+ Kg5) 31. g5+ $2 (31. Qxc3 {einziger Zug.} Nxc3 32. Re3 Nxa4 33. Rf3+ Kg5 34. Ra3) 31... Kf5 32. Qe7 (32. Qxc3 $19 Nxc3 33. Nd3) 32... Rh8 ({Lieber nicht} 32... Rxg5 33. Rxe4 Qa1+ (33... Qh3+ 34. Ke2 $11) 34. Re1 $11) 33. Kg1 Qxe1+ {[%emt 0:00:15] Gewichteter Fehlerwert: Weiß=0.68/Schwarz=0.30.  Fehler:       	Weiß=7     	Schwarz=3     Ungenau:       	Weiß=1     	Schwarz=5     OK:         	Weiß=8     	Schwarz=9     Bester:       	Weiß=2     	Schwarz=3     Stark:        	---       	Schwarz=2} 0-1

[Event "Fagernes Chess GM-Swiss 2024"]
[Site "Fagernes"]
[Date "2024.03.27"]
[Round "5.11"]
[White "Nielsen, Viktor Haarmark"]
[Black "Mitusov, Semen"]
[Result "1/2-1/2"]
[ECO "E04"]
[WhiteElo "2351"]
[BlackElo "2487"]
[Annotator "TA"]
[PlyCount "89"]
[EventDate "2024.03.25"]
[EventType "swiss"]
[EventCountry "NOR"]
[SourceTitle "playchess.com"]
[Source "ChessBase"]
[SourceQuality "1"]
[TimeControl "40/6000+30:2400+30"]

1. d4 d5 2. c4 e6 3. Nf3 Nf6 4. g3 dxc4 5. Bg2 a6 6. O-O Nc6 7. Qd2 Bb4 {[%emt 0:01:46] Wards off Qc3} 8. Qc2 b5 9. Ne5 {[%emt 0:00:13] White is slightly better.} Nxe5 (9... Nxd4 $2 {loses.} 10. Qd1 $18) 10. dxe5 Nd5 11. Rd1 {[%emt 0:00:04] next e4 is good for White.} Bd7 12. Nc3 Bxc3 13. bxc3 Qe7 {[%emt 0:00:06] Against Ba3} 14. a4 O-O 15. a5 {[%emt 0:00:13][%cal Oe2e4] Threatens to win with e4!} b4 16. cxb4 Rad8 $1 17. Qxc4 Bb5 18. Qc2 Nxb4 19. Ba3 c5 20. Qb2 {[%emt 0:00:06] The position is equal.} h6 21. h4 Rxd1+ 22. Rxd1 Rd8 23. Rxd8+ Qxd8 24. Bxb4 cxb4 25. Qxb4 Bxe2 $11 {[%emt 0:00:48][%mdl 4096] Endgame. KQB-KQB} 26. Qe4 Qd1+ 27. Kh2 g6 28. Qf4 h5 29. Bc6 Qd8 {[%emt 0:03:42] Inhibits Be8.} 30. Qe3 Qc7 31. Qxe2 Qxc6 {[%emt 0:00:05] KQ-KQ} 32. Qd3 Kg7 33. Kg1 Qb7 34. Kh2 Qb2 35. Kg2 Qb7+ 36. Kh2 Qc8 37. Kg2 Qc6+ 38. Kg1 Qc8 39. Kg2 Kf8 40. Kg1 Ke7 41. Qd6+ Ke8 42. Qd3 Qc6 43. Kf1 Qh1+ 44. Ke2 Qc6 45. Kf1 {[%emt 0:00:08] An interesting draw.   Weighted Error Value: White=0.02 (flawless) /Black=0.01 (flawless) .  Inaccurate:     	---       	Black=1      OK:         	White=15    	Black=16     Best:        	White=3     	---        Strong:       	---       	Black=1} 1/2-1/2

[Event "Fagernes Chess GM-Swiss 2024"]
[Site "Fagernes"]
[Date "2024.03.27"]
[Round "5.12"]
[White "Moksh Amit Doshi"]
[Black "Sokolovsky, Yahli"]
[Result "0-1"]
[ECO "E69"]
[WhiteElo "2353"]
[BlackElo "2475"]
[Annotator "TA"]
[PlyCount "104"]
[EventDate "2024.03.25"]
[EventType "swiss"]
[EventCountry "NOR"]
[SourceTitle "playchess.com"]
[Source "ChessBase"]
[SourceQuality "1"]
[TimeControl "40/6000+30:2400+30"]

1. d4 Nf6 2. c4 g6 3. g3 Bg7 4. Bg2 d6 5. Nc3 O-O 6. Nf3 Nbd7 7. O-O e5 8. e4 exd4 9. Nxd4 Nc5 10. h3 Re8 11. Re1 h6 12. Rb1 a5 13. b3 c6 14. Bb2 (14. Bf4 $14 {sieht stärker aus.}) 14... Nfd7 15. Qd2 a4 16. Kh2 (16. Red1 $11) 16... Ne5 $15 17. Re3 {[%emt 0:05:09] Gegen Ned3 gerichtet.} Qb6 (17... axb3 {hält die Spannung aufrecht.} 18. axb3 Nxb3 19. Nxb3 Nxc4 20. Qc1 Nxe3 21. Qxe3 b5) 18. Ba1 axb3 19. axb3 {[%emt 0:00:08] [#]} Rxa1 $1 20. Rxa1 Nxb3 21. Nxb3 Nxc4 22. Qc2 Nxe3 23. fxe3 Qxe3 24. Rc1 {[%emt 0:05:00] Weiss hat schwache schwarze Felder} Be5 25. Ne2 h5 {[%emt 0:04:43] Schwarz hat aktiveres Spiel.} 26. Na5 (26. Rb1 $17) 26... h4 (26... d5 $1 $19 27. Rb1 (27. exd5 $2 cxd5 28. Qa4 Kg7 $19) 27... h4) 27. Nc4 $17 hxg3+ (27... Bxg3+ $6 28. Kh1 Qg5 29. Nxg3 Qxg3 30. Qc3 $11) 28. Kh1 Qh6 {[%emt 0:00:05] Das Brett brennt.} 29. Qd2 Qxd2 30. Nxd2 Be6 (30... f5 $1 $19 31. exf5 Bb2 (31... Bxf5 32. Nf3 $17) (31... gxf5 32. Nf3 $17)) 31. Nf3 Bg7 (31... Bb2 $6 32. Rb1 Bf6 33. Rxb7 $11) 32. Nxg3 Ra8 33. Ne2 Ra4 {[%emt 0:00:46][%mdl 1024] Schwarz hat starke Kompensation.} 34. Rb1 (34. Rd1 $17) 34... b5 $19 (34... Rxe4 35. Nfg1 Re3 36. Rxb7 $11) 35. Nf4 Ba2 {[%emt 0:06:19] Ein starkes Läuferpaar.} (35... Rxe4 36. Nxe6 Rxe6 37. Ng5 $15) 36. Re1 c5 37. Bf1 (37. Kg1 $142) 37... Ra3 ({Besser ist} 37... b4 $19 {...b3 ist eine echte Drohung.} 38. Nd5 b3) 38. Kg2 $17 Bh6 39. Nd5 Bxd5 40. exd5 b4 41. Re8+ Kg7 42. Kg3 (42. Rb8 $17) 42... Kf6 43. h4 Rc3 44. Rd8 Kf5 45. Rd7 (45. Kf2 $17 {ist eine bessere Verteidigung.}) 45... Bf4+ $19 46. Kf2 f6 47. Re7 {[%emt 0:05:57][%cal Rf1h3] [#]} Rc2+ (47... g5 $1 $17 {[%cal Rg5g4] ...g4 wäre nun fies.} 48. Ba6 b3 (48... Kg4 49. Ne1 $17)) 48. Be2 $2 (48. Ke1 $1 $11 {und Weiss ist OK.} Rc1+ 49. Kf2 Rc2+ 50. Ke1 (50. Re2 Rxe2+ 51. Bxe2 b3 $17) 50... Bg3+ 51. Kd1) 48... b3 {[%emt 0:00:50] Droht stark ...b2.} 49. Ne1 $2 {[%emt 0:08:28] [#]} (49. Ke1) 49... c4 $1 50. Rb7 $2 {[%emt 0:03:59] [#]} ({Nicht} 50. Nxc2 $2 bxc2 51. h5 gxh5 (51... c1=B 52. hxg6 Kxg6 53. Bxc4 $16) (51... c1=Q $2 52. Kg2 $19) (51... c1=R 52. hxg6 Kxg6 53. Re4 $17) 52. Bxc4 c1=Q $19 (52... c1=B 53. Bd3+ Kg4 54. Rg7+ Bg5 55. Be2+ Kf4 56. Bxh5 $16)) (50. Rc7 {war einen Versuch wert.} b2 (50... Bg3+ 51. Kxg3 Rxe2 52. Nf3 $19) 51. Nxc2) (50. Kf3 Rc3+) 50... Bg3+ $1 {[%emt 0:02:06][%mdl 512] Schwarz steht klar auf Gewinn.} 51. Kxg3 (51. Kf1 Bxe1) 51... Rxe2 52. Nf3 Ke4 {[%emt 0:00:31] Gewichteter Fehlerwert: Weiß=0.55/Schwarz=0.19 (sehr präzise) .  Fehler:       	Weiß=9     	Schwarz=4     Ungenau:       	Weiß=2     	Schwarz=1     OK:         	Weiß=11    	Schwarz=14    Bester:       	Weiß=3     	Schwarz=7     Stark:        	---       	Schwarz=1     Brilliant:      	---       	Schwarz=1} 0-1

[Event "Fagernes Chess GM-Swiss 2024"]
[Site "Fagernes"]
[Date "2024.03.27"]
[Round "5.13"]
[White "Hillarp Persson, Tiger"]
[Black "Krishnan, Ritvik"]
[Result "1/2-1/2"]
[ECO "A05"]
[WhiteElo "2473"]
[BlackElo "2277"]
[Annotator "TA"]
[PlyCount "80"]
[EventDate "2024.03.25"]
[EventType "swiss"]
[EventCountry "NOR"]
[SourceTitle "playchess.com"]
[Source "ChessBase"]
[SourceQuality "1"]
[TimeControl "40/6000+30:2400+30"]

1. Nf3 d5 2. g3 c5 3. Bg2 Nc6 4. O-O Nf6 5. d3 g6 6. Nc3 Bg7 7. a3 O-O 8. Rb1 b6 9. b4 cxb4 10. axb4 Bb7 11. b5 Na5 12. Bd2 Rc8 13. Na4 Ne8 14. Bxa5 bxa5 15. Nd2 Nd6 {[%emt 0:10:42] [#] Against c4} 16. c4 $1 dxc4 17. Bxb7 Nxb7 18. Nxc4 Nd6 19. Qb3 Rb8 20. Nxd6 Qxd6 21. Rfc1 Rfc8 {[%emt 0:01:48] Wards off Rc6} 22. Rc4 h5 23. e3 e6 24. d4 Kh7 25. h4 Qd5 (25... e5 {keeps more tension.} 26. dxe5 Qxe5 27. Rxc8 Rxc8 28. Qxf7 Qe4) 26. Rxc8 {[%emt 0:00:25] The position is equal.} Qxb3 27. Rxb3 Rxc8 $11 {[%emt 0:00:02][%mdl 4096] Endgame. KRB-KRN} 28. Kg2 Rc4 29. Nb2 Rc2 30. Nd3 Bf8 $1 {[%emt 0:01:13] Wards off Ra3} 31. b6 axb6 32. Rxb6 a4 33. Ne5 Rc7 34. Ra6 {[%emt 0:00:07] Inhibits Ra7.} a3 35. Nd3 Rc2 (35... Kg7 $5) 36. Ne5 Rc7 37. Nd3 Kg7 38. Nc5 Bxc5 39. dxc5 Rxc5 40. Rxa3 Rc2 {[%emt 0:00:07] An even fight not without its subleties.   Weighted Error Value: White=0.04 (flawless) /Black=0.06 (flawless) .  Inaccurate:     	White=2     	Black=2      OK:         	White=17    	Black=14     Best:        	White=1     	---        Strong:       	---       	Black=1} 1/2-1/2

[Event "Fagernes Chess GM-Swiss 2024"]
[Site "Fagernes"]
[Date "2024.03.27"]
[Round "5.14"]
[White "Lund, Gunnar"]
[Black "Koelle, Tobias"]
[Result "1/2-1/2"]
[ECO "E11"]
[WhiteElo "2335"]
[BlackElo "2460"]
[Annotator "TA"]
[PlyCount "65"]
[EventDate "2024.03.25"]
[EventType "swiss"]
[EventCountry "NOR"]
[SourceTitle "playchess.com"]
[Source "ChessBase"]
[SourceQuality "1"]
[TimeControl "40/6000+30:2400+30"]

1. d4 Nf6 2. Nf3 d5 3. c4 e6 4. g3 Bb4+ 5. Bd2 a5 6. Qc2 O-O 7. Bg2 Be7 8. O-O c6 9. Bg5 Nbd7 10. Nbd2 b6 11. e4 dxe4 12. Nxe4 Nxe4 13. Bxe7 Qxe7 14. Qxe4 Bb7 15. Rfe1 Rfd8 16. Rac1 Nf6 17. Qc2 c5 {[%emt 0:01:48] [#]} 18. d5 Rd6 19. Nh4 {[%emt 0:00:34] Strongly threatening Nf5.} Qc7 20. dxe6 fxe6 21. Bxb7 Qxb7 22. Rcd1 Rad8 23. Rxd6 Rxd6 24. Qe2 Qf7 25. Nf3 h6 {[%emt 0:01:50] Dodges Ng5} 26. Kg2 Qb7 27. h3 Qc6 28. Kh2 Qa4 29. b3 Qd7 30. Ne5 Qb7 31. Ng4 (31. Qc2 $14) 31... Nxg4+ $11 32. Qxg4 Qf7 33. Re2 {[%emt 0:00:57] Weighted Error Value: White=0.06 (flawless) /Black=0.03 (flawless) .  Mistake:       	White=1     	---        Inaccurate:     	---       	Black=1      OK:         	White=9     	Black=11     Best:        	White=3     	---        Brilliant:      	White=1     	---} 1/2-1/2

[Event "Fagernes Chess GM-Swiss 2024"]
[Site "Fagernes"]
[Date "2024.03.27"]
[Round "5.15"]
[White "Hedman, Erik"]
[Black "Kvaloy, Aksel Bu"]
[Result "0-1"]
[ECO "B51"]
[WhiteElo "2311"]
[BlackElo "2454"]
[Annotator "TA"]
[PlyCount "66"]
[EventDate "2024.03.25"]
[EventType "swiss"]
[EventCountry "NOR"]
[SourceTitle "playchess.com"]
[Source "ChessBase"]
[SourceQuality "1"]
[TimeControl "40/6000+30:2400+30"]

1. e4 c5 2. Nf3 d6 3. Bb5+ Nd7 4. c4 Ngf6 5. Nc3 g6 6. d3 Bg7 7. h3 O-O 8. Ba4 {[%emt 0:00:06] The position is equal.} Nb8 9. Be3 Nc6 10. Qd2 Bd7 11. Bxc6 Bxc6 12. Bh6 a6 13. O-O-O b5 14. Rde1 Qa5 15. Kb1 Bxh6 16. Qxh6 bxc4 17. e5 {[%emt 0:00:30] [#]} (17. dxc4 $15 Qb4 18. Ka1) 17... dxe5 $1 $17 (17... Nd5 $2 18. Nxd5 Rab8 19. Ng5 $18 (19. Nxe7+ Kh8 $18) (19. dxc4 $2 Bxd5 20. Qc1 Bxf3 $17) (19. Nxe7+ Kh8 $18) (19. dxc4 Bxd5 20. Qc1 Bxf3 $17)) 18. Nxe5 Bxg2 19. Rhg1 Rab8 $1 20. Ka1 {[%emt 0:02:33][%cal Oe5c4] [#] Nxc4! is the strong threat.} Rxb2 $3 21. Nxc4 (21. Kxb2 Rb8+ 22. Kc2 Nd5 23. Rc1 Qxc3+ 24. Kd1 Qxe5 25. Rxg2 cxd3 26. f3 Ne3+ 27. Ke1 Nxg2+ 28. Kf1 Rb2 (28... Ne3+ 29. Qxe3 Qxe3 30. Re1 Qxf3+ 31. Kg1 Rb2 32. Re2 dxe2 33. h4 e1=Q#) 29. Kg1 Nh4 (29... Rxa2 30. Rd1) (29... Qd4+ 30. Kh1) (29... Rxa2 30. Rd1 Nf4 31. Rf1 Qe2 32. Qxg6+ hxg6 33. Rf2 Qxf2+ 34. Kh1 Qh2#) (29... Qd4+ 30. Kh1)) 21... Qxc3 22. Nxb2 {[%emt 0:00:00][%cal Oe1c1] Threatens to win with Rc1! White is weak on the light squares} Bd5 {Really sharp!} 23. Qf4 {[%emt 0:06:07][%cal Oe1c1] [#]} Be6 $1 $40 {[%emt 0:03:08][%cal Of6d5][%mdl 128] Black is out for blood.} 24. Rc1 Qa5 {Black is more active.} 25. Qa4 Qb6 26. Qa3 Nd7 (26... Bxh3 27. d4 Be6 28. dxc5 $17) (26... Rc8 $142 27. Rge1 Qd6 (27... Bxh3 28. d4 $17)) 27. Qc3 (27. Rgd1 $142) 27... Qd6 ({Don't play} 27... Bxh3 28. d4 Bf5 (28... cxd4 $2 {loses.} 29. Qxh3 Rd8 30. f4 $18) 29. dxc5 $15) 28. h4 (28. Rgd1 $17) 28... h5 29. Qd2 (29. Rgd1 {was worth a try.}) 29... Rb8 30. Qe3 Qd5 31. Nc4 Qf5 32. Rg5 Qf6+ 33. Ne5 Rb4 {[%emt 0:02:35] Weighted Error Value: White=0.24 (precise) /Black=0.08 (flawless) .  Mistake:       	White=4     	Black=1      Inaccurate:     	White=6     	Black=1      OK:         	White=8     	Black=13     Best:        	White=2     	---        Strong:       	---       	Black=3} 0-1